 Dungeon Crawl Stone Soup version 0.24.0-13-gcf9b3192b9 (webtiles) character file.

Game seed: 3953843221539001021, levelgen mode: deterministic

279 MTVSty1e the Cleaver (level 6, -11/51 HPs)
             Began as a Hill Orc Fighter on Nov 7, 2019.
             Blown up by Ijyb (27 damage)
             ... with a disintegration bolt
             ... on level 4 of the Dungeon.
             The game lasted 00:03:30 (2799 turns).

MTVSty1e the Cleaver (Hill Orc Fighter)             Turns: 2799, Time: 00:03:31

Health: -11/51     AC: 13    Str: 21    XL:     6   Next: 26%
Magic:  6/6        EV:  7    Int:  8    God:
Gold:   176        SH:  9    Dex: 10    Spells: 5/5 levels left

rFire    + . .     SeeInvis .   a - +1 war axe
rCold    . . .     Gourm    .   c - +0 shield
rNeg     . . .     Faith    .   b - +0 scale mail
rPois    .         Spirit   .   (no helmet)
rElec    .         Reflect  .   x - +2 cloak
rCorr    +         Harm     .   i - +2 pair of gloves
MR       .....                  (no boots)
Stlth    ..........             (no amulet)
HPRegen  0.17/turn              n - ring of protection from fire
MPRegen  0.10/turn              w - ring of resist corrosion

@: hasted, very quick
A: no striking features
a: no special abilities


You were on level 4 of the Dungeon.
You were hungry.

You visited 1 branch of the dungeon, and saw 4 of its levels.

You collected 176 gold pieces.

Inventory:

Hand Weapons
 a - a +1 war axe (weapon)
Armour
 b - a +0 scale mail (worn)
 c - a +0 shield (worn)
 i - a +2 pair of gloves (worn)
 x - a +2 cloak (worn)
Jewellery
 n - a ring of protection from fire (left hand)
 w - a ring of resist corrosion (right hand)
Scrolls
 d - a scroll of fog {unknown}
 g - a scroll of teleportation
 p - 3 scrolls of identify
Potions
 e - a potion of flight {unknown}
 j - a potion of agility {unknown}
 k - 3 potions of curing
 l - a potion of haste
 o - 2 potions of degeneration {unknown}
 q - 2 potions of berserk rage {unknown}
 u - a potion of heal wounds {unknown}
 v - a potion of ambrosia {unknown}
 z - a potion of magic {unknown}
 A - a potion of cancellation {unknown}
Comestibles
 f - 4 rations


   Skills:
 - Level 3.6 Fighting
 * Level 8.5 Axes
 - Level 3.2 Armour
 - Level 3.2 Shields


You had 5 spell levels left.
You didn't know any spells.
Your spell library was empty.

Dungeon Overview and Level Annotations

Branches:
Dungeon (4/15)
 Temple: D:4-7

Altars:
Ashenzari
Gozag
Nemelex Xobeh

Annotations:
D:4 Ijyb


Message History

You closely miss the hound. You barely miss Ijyb. The hound bites you.
The hound bites you but does no damage. Ijyb hits you but does no damage.
You barely miss the hound. You closely miss Ijyb. You block the hound's attack.
Ijyb hits you but does no damage. The hound bites you but does no damage.
You closely miss the hound. You barely miss Ijyb.
The hound bites you but does no damage. Ijyb hits you but does no damage.
You block the hound's attack.
You are feeling hungry.
You hit the hound.
The hound is heavily wounded.
You closely miss Ijyb. The hound closely misses you.
Ijyb zaps a wand.
You are blasted!
Ouch! That really hurt!
The hound bites you but does no damage.
You feel yourself speed up. Ijyb hits you. You block the hound's attack.
Your shield and scale mail prevent you from hitting the hound.
The hound is heavily wounded.
You hit Ijyb. The hound barely misses you.
Ijyb zaps a wand.
You are blasted!
Ouch! That really hurt!
You die...

...............
...............
..$............
#.?.............
#...............#
#................#
#....hg.........#
#.%...@......<.#
##.$...........#
#............#
###.........#
###.....>.#
##...##...# #..###
#.. ##.## #..#


You could see Ijyb and a hound.

Vanquished Creatures
  An orc warrior (D:3)
  An orc priest (D:3)
  5 adders
  3 oozes
  An adder zombie (D:3)
  5 worms
  3 dart slugs
  A leopard gecko (D:1)
  7 orcs
  7 bats
  A giant cockroach (D:3)
  7 goblins
  9 hobgoblins
  4 jackals (D:1)
  10 kobolds
  2 quokkas (D:3)
  5 frilled lizards
  6 rats
78 creatures vanquished.

Notes
Turn   | Place    | Note
-------+----------+-------------------------------------------
     0 | D:1      | MTVSty1e the Hill Orc Fighter began the quest for the Orb.
     0 | D:1      | Reached XP level 1. HP: 19/19 MP: 1/1
    88 | D:1      | Reached skill level 3 in Axes
   198 | D:1      | Reached XP level 2. HP: 26/26 MP: 2/2
   212 | D:1      | Reached skill level 4 in Axes
   327 | D:1      | Reached XP level 3. HP: 31/31 MP: 3/3
   703 | D:2      | Reached skill level 5 in Axes
   920 | D:2      | Reached XP level 4. HP: 36/39 MP: 4/4
  1188 | D:2      | Reached skill level 6 in Axes
  1468 | D:2      | Found a shattered altar of Ashenzari.
  1468 | D:2      | Found a sparkling altar of Nemelex Xobeh.
  1469 | D:2      | Found an opulent altar of Gozag.
  1799 | D:3      | Noticed an orc warrior
  1807 | D:3      | Killed an orc warrior
  1807 | D:3      | Reached skill level 7 in Axes
  1807 | D:3      | Reached XP level 5. HP: 21/45 MP: 5/5
  1812 | D:3      | Reached skill level 8 in Axes
  1971 | D:3      | Reached XP level 6. HP: 28/51 MP: 6/6
  2790 | D:4      | Noticed Ijyb
  2799 | D:4      | Blown up by Ijyb

Levels and vault maps discovered:
D:1:      erik_arrival_triangle_medium, layout_basic, serial_glass,
          glass_columns_b, glass_columns_b, due_unseen_surprise,
          palyth_stone_intersect, chequers_serial_rivers_large_b,
          hangedman_glass_teeth
D:2:      layout_basic, gammafunk_temple_overflow_claw
D:3:      layout_basic
D:4:      layout_cave_pods, minmay_temple_entry_tees, uniq_ijyb

Skill      XL: |  1  2  3  4  5 |
---------------+----------------+-----
Axes           | 3 4 5 7 8 |  8.5
Fighting       | |  3.6
Armour         | |  3.2
Shields        | |  3.2

Action                   |  1- 3 |  4- 6 || total
-------------------------+-------+-------++-------
Melee: War axe           |    93 |   160 ||   253
  Use: Potion            |       |     2 ||     2
       Scroll            |       |     7 ||     7
  Eat: Chunk             |       |     6 ||     6
Armor: Scale mail        |    51 |    74 ||   125
Dodge: Dodged            |    34 |    55 ||    89
Block: Shield            |    46 |    76 ||   122
